 Dungeon Crawl Stone Soup version 0.31-a0-819-gf6de2f5ab6 (webtiles) character file.

Game seed: 652899242116190681

1169 Kurtz the Sneak (level 8, -5/57 HPs)
             Began as an Octopode Fighter on Sept 23, 2023.
             Was an Initiate of Makhleb.
             Killed by divine providence
             ... invoked by an orc priest
              (13 damage)
             ... on level 5 of the Dungeon.
             The game lasted 00:03:39 (5005 turns).

Kurtz the Sneak (Octopode Fighter)                  Turns: 5005, Time: 00:03:39

Health: -5/57      AC:  1    Str: 15    XL:     8   Next: 40%
Magic:  9/9        EV: 14    Int: 10    God:    Makhleb [......]
Gold:   332        SH:  5    Dex: 14    Spells: 7/7 levels left

rFire   . . .        s - +1 flail (venom)
rCold   . . .        b - +0 buckler
rNeg    . . .        (helmet restricted)
rPois   .            (no amulet)
rElec   .            (no ring)
rCorr   .            (no ring)
SInv    .            (no ring)
Will    .....        (no ring)
Stlth   +++++        (no ring)
HPRegen 0.29/turn    (no ring)
MPRegen 0.11/turn    (no ring)
                     (no ring)

%: no passive effects
@: no status effects
A: almost no armour, amphibious, 8 rings, camouflage 1, gelatinous body 1,
(nimble swimmer 1), tentacles
a: Renounce Religion


You were on level 5 of the Dungeon.
You worshipped Makhleb.
Makhleb was noncommittal.
You visited 1 branch of the dungeon, and saw 5 of its levels.

You collected 332 gold pieces.

Inventory:

Hand Weapons
 a - a +0 war axe
 d - a +1 whip of venom
 s - a +1 flail of venom (weapon)
Missiles
 k - 6 poisoned darts
Armour
 b - a +0 buckler (worn)
Wands
 n - a wand of flame (11)
Scrolls
 f - a scroll of revelation {unknown}
 h - 3 scrolls of identify {unknown}
 j - a scroll of blinking {unknown}
 l - a scroll of torment {unknown}
 m - a scroll of fog {unknown}
 p - a scroll of fear {unknown}
 q - a scroll of poison {unknown}
 r - a scroll of enchant armour {unknown}
 u - 2 scrolls of immolation {unknown}
 v - a scroll of summoning {unknown}
 w - a scroll of teleportation {unknown}
 x - a scroll of vulnerability {unknown}
Potions
 c - 2 potions of might
 e - a potion of brilliance {unknown}
 g - a potion of curing
 i - a potion of lignification {unknown}
 o - a potion of magic {unknown}
 t - 2 potions of heal wounds {unknown}


   Skills:
 + Level 5.6 Fighting
 * Level 4.8 Axes
 * Level 4.1 Dodging
 * Level 7.9 Stealth
 * Level 4.0 Shields
 * Level 1.7 Invocations


You had 7 spell levels left.
You didn't know any spells.
Your spell library contained the following spells:

 Spells                   Type           Power      Damage    Failure   Level
 Freeze                   Ice            0%         1d3       43%         1
 Necrotise                Necr           0%         1d4       43%         1
 Blink                    Tloc           0%         N/A       58%         2
 Lesser Beckoning         Tloc           0%         N/A       58%         2
 Momentum Strike          Conj/Tloc      0%         3d8       58%         2
 Poisonous Vapours        Pois/Air       0%         N/A       58%         2
 Frozen Ramparts          Ice            0%         1d1       82%         3
 Hailstorm                Conj/Ice       0%         3d3       82%         3
 Mephitic Cloud           Conj/Pois/Air  0%         N/A       82%         3
 Vampiric Draining        Necr           0%         2d6       82%         3
 Agony                    Necr           0%         N/A       100%        5
 Freezing Cloud           Conj/Ice/Air   0%         6-21      100%        5


Dungeon Overview and Level Annotations

Branches:
Dungeon (5/15)
 Temple: D:4-7

Altars:
Hepliaklqana
Makhleb
Wu Jian
Yredelemnul
Zin

Annotations:
D:4 1 runed translucent door


Innate Abilities, Weirdness & Mutations

You cannot wear most types of armour.
You are amphibious.
You can wear up to eight rings at the same time.
Your skin changes colour to match your surroundings (Stealth+).
Your rubbery body absorbs attacks. (AC +1, EV +1)
((You are camouflaged when in or above water. (Stealth+)))
You have tentacles for arms and can constrict up to eight enemies at once.


Message History

You closely miss the orc. Your grab misses the orc. You squeeze the orc.
The orc is severely wounded.
The orc hits you with a +0 dagger. The orc hits you with a +0 flail!
The orc priest misses you. The orc closely misses you.
The orc priest hits you from afar with a +0 trident.
The orc hits you with a +0 dagger.
You are too injured to fight recklessly!
Unknown command.
You are too injured to fight recklessly!
Unknown command.
You are too injured to fight recklessly!
The orc attacks as it pursues you! The orc barely misses you.
You barely miss the orc. You grab the orc. You constrict the orc.
The orc priest calls upon Beogh to heal the orc.
The orc is healed somewhat.
The orc hits you with a +0 dagger.
The orc priest calls upon Beogh to heal the orc.
The orc's wounds heal themselves!
You barely miss the orc. You squeeze the orc.
You kill the orc!
Makhleb accepts your kill. The orc priest barely misses you.
Unknown command.
You sock the orc!
You kill the orc!
Makhleb accepts your kill. The orc priest barely misses you.
You closely miss the orc priest. Your grab misses the orc priest.
You tentacle-slap the orc priest.
The orc priest is lightly wounded.
The orc priest hits you from afar with a +0 trident.
* * * LOW HITPOINT WARNING * * *
You block the orc priest's attack.
The orc priest hits you from afar with a +0 trident!
* * * LOW HITPOINT WARNING * * *
You barely miss the orc priest. You grab the orc priest.
The orc priest is lightly wounded.
You constrict the orc priest. You block the orc priest's attack.
The orc priest calls down the wrath of Beogh upon you.
Beogh smites you!
You die...

# #.##.# .
#.##.# .
#.##.#### .
#.##....#
#.......##.#
##..######?#
# #.# # #.#
# #@#
######## #o#
.......#
.#....o.#
.......#
.#......#
..######
.########
.## .# .# .#


You could see 2 orc priests.

Vanquished Creatures
  Edmund (D:4)
  A water moccasin (D:5)
  An ice beast (D:5)
  2 ogres (D:5)
  A phantom (D:5)
  2 scorpions (D:5)
  A howler monkey (D:5)
  An orc priest (D:5)
  2 sleepcaps (D:4)
  3 hounds
  Terence (D:2)
  An iguana (D:4)
  Natasha (thrice) (D:2)
  7 adders
  3 worms
  3 dart slugs
  8 orcs
  5 ball pythons
  4 bats
  8 endoplasms
  2 giant cockroaches (D:1)
  7 goblins
  6 hobgoblins
  4 jackals (D:2)
  10 quokkas
  4 frilled lizards
  A jackal skeleton (D:4)
  8 kobolds
  8 rats
108 creatures vanquished.

Notes
Turn   | Place    | Note
-------+----------+-------------------------------------------
     0 | D:1      | Kurtz the Octopode Fighter began the quest for the Orb.
     0 | D:1      | Reached XP level 1. HP: 16/16 MP: 1/1
   105 | D:1      | Reached XP level 2. HP: 20/21 MP: 2/2
   250 | D:1      | Reached XP level 3. HP: 23/26 MP: 3/3
   930 | D:2      | Noticed Terence
  1012 | D:2      | Found a glowing silver altar of Zin.
  1109 | D:2      | Reached XP level 4. HP: 10/33 MP: 4/4
  1292 | D:2      | Killed Terence
  1608 | D:2      | Reached XP level 5. HP: 38/38 MP: 5/5
  1641 | D:2      | Noticed Natasha
  1654 | D:2      | Killed Natasha
  2006 | D:2      | Noticed Natasha
  2010 | D:2      | Killed Natasha
  2030 | D:2      | Reached skill level 1 in Stealth
  2044 | D:2      | Noticed Natasha
  2054 | D:2      | Killed Natasha
  2457 | D:3      | Reached XP level 6. HP: 45/45 MP: 6/6
  2760 | D:3      | Found a faded altar of an unknown god.
  3086 | D:4      | Found a runed translucent door.
  3086 | D:4      | Noticed a human
  3091 | D:4      | Found a basalt altar of Yredelemnul.
  3139 | D:4      | Reached skill level 2 in Stealth
  3165 | D:4      | Reached skill level 5 in Fighting
  3413 | D:4      | Noticed Edmund
  3421 | D:4      | Killed Edmund
  3422 | D:4      | Reached skill level 3 in Stealth
  3640 | D:4      | Reached skill level 4 in Stealth
  3640 | D:4      | Reached XP level 7. HP: 50/50 MP: 7/7
  3676 | D:4      | Found an ornate altar of the Wu Jian Council.
  3676 | D:4      | Found a hazy altar of Hepliaklqana.
  3788 | D:5      | Entered Level 5 of the Dungeon
  3922 | D:5      | Reached skill level 5 in Stealth
  3937 | D:5      | Found a burning altar of Makhleb.
  3964 | D:5      | Became a worshipper of Makhleb the Destroyer
  4069 | D:5      | Reached skill level 6 in Stealth
  4093 | D:5      | Identified the +8 short sword "Deros" {flame, Str+3 Int+3
                  | Dex+3}
  4234 | D:5      | Reached skill level 1 in Invocations
  4234 | D:5      | Reached XP level 8. HP: 56/56 MP: 8/8
  4326 | D:5      | Reached skill level 7 in Stealth
  5005 | D:5      | Killed from afar by an orc priest

Illustrated notes

Levels and vault maps discovered:
D:1:      lemuel_arrival_tunnels, layout_basic, minmay_box_of_dots
D:2:      layout_basic, basic_altar, uniq_natasha, uniq_terence
D:3:      layout_basic, ebering_ecumenical_altar_petrified
D:4:      layout_loops_ring, dk_yredelemnul_ordeal,
          gammafunk_temple_overflow_elements, minmay_misc_feat_cross,
          minmay_misc_feat_pillars, minmay_misc_feat_plants, uniq_edmund
D:5:      layout_loops_cross, lightli_temple_of_fire, serial_co_window_serial,
          co_window_of_opportunity_a, co_window_corner_a, co_window_paths_b,
          co_window_corner_a, co_window_paths_a, co_window_corner_b,
          co_window_corner_ca, co_window_corner_b, co_window_cross_2,
          co_window_2corner, co_window_paths_c, co_window_4corner_b,
          glass_columns_a, glass_columns_a, glass_columns_a,
          nicolae_underground_beach

Skill      XL: |  1  2  3  4  5  6  7  8 |
---------------+-------------------------+-----
Axes           | 3 4 |  4.8
Fighting       | 4 5 |  5.6
Stealth        | 1 4 6 7 |  7.9
Invocations    | 1 |  1.7
Dodging        | 4 |  4.1
Shields        | 4 |  4.0

Action                     |  1- 3 |  4- 6 |  7- 9 || total
---------------------------+-------+-------+-------++-------
  Melee: War axe           |     8 |       |       ||     8
         Whip              |    62 |   114 |       ||   176
         Tentacles         |    11 |    20 |    18 ||    49
         Constrict         |    18 |    33 |    12 ||    63
         Punch             |     1 |     3 |     1 ||     5
         Flail             |       |    11 |    65 ||    76
    Use: Potion            |       |     1 |       ||     1
   Stab: Sleeping          |    10 |    11 |     7 ||    28
         Distracted        |       |       |     2 ||     2
 Armour: Skin              |    28 |    34 |    30 ||    92
  Dodge: Dodged            |    41 |    41 |    29 ||   111
  Block: Buckler           |    11 |    13 |    15 ||    39

Table legend: (Time is in decaauts)
 A = Elapsed time spent in this place.
 B = Non-inter-level travel time spent in this place.
 C = Inter-level travel time spent in this place.
 D = Time resting spent in this place.
 E = Time spent auto-exploring this place.
 F = Levels seen in this place.
 G = Mean time per level.
                   A        B        C        D        E       F      G
               +--------+--------+--------+--------+--------+-----+--------+
         Total |   5041 |   4875 |    166 |    988 |   3122 |   5 | 1008.2 |
       Dungeon |   5041 |   4875 |    166 |    988 |   3122 |   5 | 1008.2 |
               +--------+--------+--------+--------+--------+-----+--------+

Top non-repeatable levels by time:
     D:2: 1415 daAuts
     D:5: 1236 daAuts
     D:1: 934 daAuts
     D:4: 868 daAuts
     D:3: 586 daAuts
